Map: Orbital Shipyard

Players

PtitDrogo

  • Race: Protoss Protoss
  • League: Master

LiquidSnute (Snute) - Winner!

  • Race: Zerg Zerg
  • League: Grandmaster

Event: Homestory Cup XII

VOD

Have the link to the VOD?

Description

Time

  • Played on: Dec. 19, 2015, 12:24 p.m.
  • Length: 13:47

All games in this series

Show
View Real Time Build Order
Export as new Build Order

PtitDrogo Protoss 

Build Orders: Nexus First, Zealot Archon 

Get SALT Encoding   

  12  0:01  Probe (Chrono Boost)  
  13  0:11  Probe (Chrono Boost)  
  14  0:17  Pylon  
  14  0:22  Probe (Chrono Boost)  
  15  0:35  Probe (Chrono Boost)  
  16  0:46  Probe (Chrono Boost)  
  17  0:57  Nexus  
  17  1:00  Probe (Chrono Boost)  
  18  1:09  Gateway  
  18  1:13  Probe (Chrono Boost)  
  18  1:18  Assimilator  
  19  1:24  Probe (Chrono Boost)  
  20  1:26  Assimilator  
  20  1:34  Probe (Chrono Boost)  
  20  1:39  Gateway  
  21  1:45  Probe (Chrono Boost)  
  22  1:55  Probe (Chrono Boost)  
  22  1:59  Cybernetics Core  
  23  2:08  Probe (Chrono Boost)  
  23  2:09  Probe (Chrono Boost)  
  25  2:19  Probe (Chrono Boost)  
  25  2:20  Probe (Chrono Boost)  
  27  2:29  Probe (Chrono Boost)  
  28  2:30  Probe (Chrono Boost)  
  28  2:35  Adept x2 (Chrono Boost)  
  28  2:36  Warp Gate  
  33  2:40  Probe  
  33  2:41  Probe  
  33  2:42  Pylon  
  35  2:53  Probe x2 (Chrono Boost)  
  37  3:00  Sentry x2  
  37  3:04  Probe x2 (Chrono Boost)  
  43  3:06  Pylon  
  43  3:15  Probe (Chrono Boost)  
  43  3:19  Mothership Core (Chrono Boost)  
  46  3:26  Probe (Chrono Boost), Nexus  
  46  3:27  Pylon  
  47  3:36  Probe (Chrono Boost)  
  47  3:37  Probe (Chrono Boost)  
  49  3:44  Assimilator  
  49  3:46  Assimilator  
  49  3:47  Probe (Chrono Boost)  
  50  3:55  Probe (Chrono Boost)  
  47  3:57  Robotics Facility  
  47  4:00  Probe (Chrono Boost)  
  47  4:01  Forge  
  47  4:02  Twilight Council  
  48  4:05  Pylon  
  48  4:06  Probe (Chrono Boost)  
  48  4:07  Sentry, Phoenix  
  51  4:10  Probe (Chrono Boost)  
  51  4:17  Probe (Chrono Boost)  
  53  4:21  Probe (Chrono Boost)  
  54  4:24  Protoss Ground Weapons Level 1 (Chrono Boost)  
  54  4:27  Probe (Chrono Boost), Charge  
  55  4:31  Probe (Chrono Boost)  
  55  4:37  Probe (Chrono Boost)  
  57  4:39  Probe (Chrono Boost)  
  57  4:41  Probe  
  57  4:44  Warp Prism (Chrono Boost)  
  61  4:49  Probe, Gateway  
  61  4:50  Gateway  
  61  4:51  Probe  
  63  4:54  Probe  
  64  5:01  Probe  
  64  5:03  Probe, Pylon  
  64  5:06  Probe  
  67  5:08  Adept x2  
  67  5:13  Probe  
  72  5:15  Probe  
  72  5:16  Observer (Chrono Boost)  
  72  5:18  Probe  
  75  5:25  Probe  
  75  5:27  Assimilator  
  75  5:28  Probe  
  77  5:29  Assimilator  
  77  5:30  Probe  
  77  5:31  Adept x2  
  77  5:32  Templar Archives  
  82  5:37  Probe  
  82  5:41  Probe, Immortal (Chrono Boost)  
  88  5:43  Probe  
  88  5:46  Pylon  
  88  5:49  Gateway, Probe  
  90  5:52  Gateway  
  90  5:53  Gateway  
  90  5:54  Probe  
  90  5:55  Gateway  
  90  5:56  Probe  
  92  6:02  Probe  
  93  6:08  Robotics Bay  
  93  6:10  Robotics Facility  
  93  6:14  Zealot  
  93  6:15  Zealot x3  
  101  6:27  Gateway  
  101  6:28  Gateway, Protoss Ground Weapons Level 2  
  101  6:32  Pylon  
  101  6:34  Pylon  
  101  6:37  Pylon  
  101  6:51  Immortal (Chrono Boost)  
  105  7:09  Disruptor (Chrono Boost)  
  105  7:13  Photon Cannon  
  105  7:14  Stargate  
  100  7:16  Photon Cannon  
  100  7:18  Pylon, Stargate  
  100  7:19  Pylon  
  100  7:21  Pylon  
  100  7:23  High Templar x3  
  100  7:24  High Templar  
  100  7:25  Zealot x4  
  116  7:32  Archon x2  
  116  7:36  Pylon  
  112  7:45  Stalker x3  
  112  7:50  Probe, Blink  
  118  7:52  Stargate  
  118  7:54  Photon Cannon  
  118  7:57  Phoenix (Chrono Boost)  
  120  8:01  Probe  
  120  8:04  Stalker x2  
  125  8:11  Nexus  
  125  8:13  Pylon  
  125  8:14  Pylon  
  125  8:17  Disruptor, Photon Cannon  
  125  8:21  Disruptor  
  125  8:25  Photon Cannon  
  130  8:27  Photon Cannon  
  130  8:29  Zealot x7  
  144  8:36  Zealot  
  144  8:37  Zealot x2  
  134  8:50  Photon Cannon x2  
  132  8:57  Disruptor, High Templar  
  132  8:58  High Templar  
  132  9:01  Archon  
  139  9:05  Warp Prism  
  139  9:06  Nexus  
  139  9:08  Pylon x2  
  139  9:12  Pylon  
  136  9:17  High Templar x4  
  136  9:18  Zealot x2  
  136  9:22  Archon x2  
  146  9:28  Photon Cannon  
  146  9:30  Photon Cannon  
  140  9:32  Phoenix (Chrono Boost), Photon Cannon  
  140  9:33  Photon Cannon  
  131  9:40  Stalker x3, Zealot x2  
  139  9:48  Stalker  
  139  9:52  Zealot x3  
  145  9:53  Zealot  
  149  10:04  Zealot, High Templar x2  
  149  10:05  Zealot x2  
  157  10:08  Archon  
  157  10:10  Mothership Core  
  157  10:11  Photon Cannon  
  137  10:18  Zealot x3  
  121  10:22  Probe  
  121  10:26  Phoenix (Chrono Boost)  
  100  10:30  High Templar x2  
  102  10:37  Archon  
  102  10:44  Zealot x3  
  108  11:00  Phoenix (Chrono Boost)  
  108  11:01  Phoenix (Chrono Boost)  
  92  11:22  Phoenix (Chrono Boost)  
  82  11:29  Fleet Beacon  
  82  11:40  Phoenix (Chrono Boost)  
  82  11:44  Phoenix (Chrono Boost)  
  79  12:02  Probe, Phoenix (Chrono Boost)  
  79  12:04  Phoenix (Chrono Boost)  
  84  12:18  Assimilator  
  84  12:19  Anion Pulse-Crystals (Chrono Boost)  
  84  12:21  Zealot  
  84  12:22  Zealot  
  87  12:23  Assimilator  
  87  12:24  Phoenix  
  83  12:32  Zealot  
  85  12:41  Probe, Phoenix  
  74  12:49  Phoenix  
  74  13:03  Phoenix  
  63  13:14  Phoenix  
  63  13:27  Zealot x2  
Show
View Real Time Build Order
Export as new Build Order

LiquidSnute Zerg - Winner!

Build Orders: 3 Hatch before Pool, Lurkers 

Get SALT Encoding   

  12  0:00  Drone  
  13  0:12  Overlord  
  13  0:17  Drone  
  14  0:30  Drone x2  
  14  0:34  Drone  
  17  0:54  Hatchery, Drone  
  17  0:57  Drone  
  18  1:16  Hatchery  
  17  1:28  Spawning Pool  
  17  1:31  Drone  
  17  1:35  Drone  
  17  1:38  Drone  
  19  1:43  Drone  
  20  1:53  Drone  
  21  2:04  Drone  
  21  2:06  Drone  
  23  2:14  Overlord  
  23  2:15  Queen x2  
  25  2:17  Zergling x2  
  28  2:28  Drone x2  
  28  2:29  Drone  
  31  2:31  Queen  
  33  2:40  Zergling x6  
  36  2:50  Queen  
  36  2:51  Queen  
  38  2:56  Zergling x4  
  38  2:58  Overlord  
  42  3:11  Overlord  
  42  3:17  Extractor x2  
  42  3:19  Drone x6  
  46  3:20  Drone  
  46  3:22  Drone  
  48  3:32  Drone x2  
  48  3:33  Drone  
  51  3:41  Drone x4  
  51  3:44  Drone  
  51  3:47  Drone  
  55  3:51  Drone  
  55  3:53  Drone  
  55  3:56  Drone  
  55  3:58  Drone  
  55  3:59  Overlord  
  57  4:03  Extractor  
  57  4:04  Extractor  
  57  4:05  Drone x2  
  57  4:06  Overlord  
  57  4:07  Drone x2, Extractor x2  
  57  4:11  Lair  
  57  4:14  Evolution Chamber  
  57  4:15  Drone  
  57  4:18  Drone  
  57  4:19  Drone x2  
  57  4:20  Drone  
  61  4:27  Drone x2  
  61  4:30  Drone x4  
  67  4:36  Drone x4  
  71  4:39  Overlord  
  71  4:43  Zerg Melee Weapons Level 1  
  71  4:45  Drone  
  72  4:46  Drone  
  72  4:49  Metabolic Boost  
  73  5:01  Drone x4  
  73  5:02  Drone x4  
  81  5:13  Overlord  
  81  5:14  Hydralisk Den  
  81  5:17  Overlord  
  81  5:19  Overlord  
  81  5:20  Drone  
  81  5:21  Overlord  
  81  5:30  Spire  
  81  5:31  Drone, Overlord  
  81  5:33  Drone  
  81  5:34  Drone x2  
  81  5:35  Drone x2  
  86  5:38  Drone x2  
  86  5:42  Zergling x2  
  89  5:43  Queen, Zergling x10  
  89  5:46  Lurker Den  
  96  5:50  Hydralisk x2  
  100  6:00  Hydralisk x2  
  100  6:01  Hydralisk  
  106  6:15  Overlord x2  
  106  6:19  Hatchery  
  106  6:21  Overlord  
  105  6:28  Overlord  
  105  6:29  Overlord  
  105  6:38  Zerg Melee Weapons Level 2  
  105  6:43  Mutalisk x10  
  118  7:09  Mutalisk x4  
  118  7:11  Drone  
  118  7:12  Drone x9  
  134  7:17  Drone  
  134  7:21  Drone x4  
  134  7:22  Overlord  
  139  7:23  Drone x3  
  139  7:24  Extractor  
  139  7:28  Extractor, Zergling x2  
  141  7:31  Infestation Pit  
  141  7:37  Zergling x8  
  144  7:58  Zergling x20  
  144  8:01  Lurker x2  
  144  8:02  Lurker x3  
  144  8:04  Overlord  
  157  8:09  Mutalisk x4  
  157  8:10  Spine Crawler  
  164  8:17  Spire  
  164  8:18  Zergling x10  
  160  8:38  Zergling x12  
  160  8:39  Zergling x14  
  141  8:52  Hydralisk x8  
  155  8:58  Hive  
  155  9:00  Queen x3  
  161  9:03  Zergling x18  
  161  9:08  Overlord x2  
  170  9:12  Spine Crawler  
  170  9:15  Hatchery  
  165  9:32  Lurker x8  
  165  9:35  Queen  
  165  9:38  Zergling x20  
  171  9:39  Zergling x8  
  171  9:42  Zerg Flyer Weapons Level 1  
  184  9:49  Overlord  
  184  9:57  Spore Crawler  
  184  9:58  Spore Crawler  
  176  10:13  Zergling x18  
  176  10:14  Zergling x10  
  173  10:19  Mutalisk  
  153  10:25  Mutalisk x2  
  127  10:37  Mutalisk x2  
  127  10:38  Mutalisk  
  127  10:39  Mutalisk x2  
  131  10:45  Mutalisk x3  
  137  10:58  Zergling x2  
  137  10:59  Zergling x6  
  134  11:15  Zergling x12  
  114  11:21  Mutalisk  
  104  11:27  Mutalisk x4  
  112  11:34  Mutalisk  
  112  11:38  Mutalisk x2  
  112  11:39  Hatchery  
  117  11:57  Mutalisk  
  117  11:58  Mutalisk x3  
  123  12:02  Extractor  
  123  12:03  Extractor  
  121  12:09  Zergling x8  
  121  12:12  Spore Crawler  
  121  12:13  Zergling x2  
  124  12:35  Mutalisk x5  
  128  12:41  Zergling x4  
  128  12:42  Zergling x8  
  128  12:43  Queen  
  128  12:44  Queen  
  130  12:51  Mutalisk x2  
  130  12:53  Queen  
  136  12:58  Zergling x2  
  136  12:59  Zergling x14  
  144  13:10  Mutalisk  
  144  13:11  Mutalisk x2  
  150  13:29  Zergling x10  
Tags
 
Add a new tag
Caveats
  • Supply blocks, unpowered buildings, or Contaminate may cause inaccurate times.
  • Supply counts are checked every 10 seconds.